 Dungeon Crawl Stone Soup version 0.19-a0-450-g98b348d (webtiles) character file.

766 epen the Vexing (level 7, -3/35 HPs)
             Began as a Spriggan Enchanter on June 1, 2016.
             Killed by divine providence
             ... invoked by an orc priest
              (13 damage)
             ... on level 4 of the Dungeon.
             The game lasted 00:09:30 (4445 turns).

epen the Vexing (Spriggan Enchanter)                Turns: 4445, Time: 00:09:31

Health: -3/35      AC:  9    Str:  4    XL:     7   Next: 52%
Magic:  22/23      EV: 20    Int: 19    God:
Gold:   129        SH:  0    Dex: 16    Spells: 5 memorised, 3 levels left

rFire  . . .     SeeInvis +     a - +1 dagger
rCold  + . .     Gourm    .     A - +2 robe {rC+}
rNeg   . . .     Faith    .     (shield restricted)
rPois  .         Spirit   .     (helmet restricted)
rElec  .         Dismiss  .     n - +0 cloak
rCorr  .         Reflect  .     (gloves unavailable)
SustAt .         Harm     .     (boots unavailable)
MR     +....                    (no amulet)
Stlth  ++++......               b - ring of magical power
                                t - +4 ring of protection

@: very quick, somewhat resistant to hostile enchantments, stealthy
A: unfitting armour, see invisible, herbivore 3, speed 3, slow metabolism 2
a: no special abilities


You were on level 4 of the Dungeon.
You were not hungry.

You visited 1 branch of the dungeon, and saw 4 of its levels.

You collected 129 gold pieces.

Inventory:

Hand Weapons
 a - a +1 dagger (weapon)
Armour
 n - a +0 cloak (worn)
 A - a +2 robe of cold resistance (worn)
Jewellery
 b - a ring of magical power (right hand)
 t - a +4 ring of protection (left hand)
 u - an uncursed ring of see invisible
 w - a +4 ring of dexterity
Wands
 f - a wand of lightning (9/15)
Scrolls
 g - 2 scrolls of enchant armour {unknown}
 h - 7 scrolls of identify {unknown}
 k - a scroll of blinking {unknown}
 q - 4 scrolls of recharging {unknown}
 s - a scroll of enchant weapon {unknown}
 x - a scroll of random uselessness {unknown}
 y - a scroll of teleportation {unknown}
 z - 2 scrolls of magic mapping {unknown}
Potions
 e - a potion of resistance {unknown}
 j - 2 potions of might {unknown}
 l - 4 potions of curing {unknown}
 m - a potion of ambrosia {unknown}
 o - a potion of agility {unknown}
 p - 2 potions of brilliance {unknown}
 r - a potion of degeneration {unknown}
 v - a potion of lignification {unknown}
Books
 c - a book of Maledictions

   Spells                             Type                      Level
   a - Corona                         Hexes                        1
   b - Ensorcelled Hibernation        Hexes/Ice                    2
   c - Confuse                        Hexes                        3
   d - Tukima's Dance                 Hexes                        3
   e - Dazzling Spray                 Conjuration/Hexes            3
Comestibles
 d - 2 bread rations
 i - a fruit


   Skills:
 + Level 2.2 Fighting
 + Level 3.5 Short Blades
 + Level 5.0 Dodging
 + Level 6.4 Stealth
 + Level 4.5 Spellcasting
 * Level 6.7 Hexes
 + Level 0.7 Ice Magic


You had 3 spell levels left.
You knew the following spells:

 Your Spells              Type           Power        Failure   Level  Hunger
a - Corona                Hex            ####...      1%          1    None
b - Ensorcelled Hibernat  Hex/Ice        ###...       6%          2    #......
c - Confuse               Hex            ####....     2%          3    ###....
d - Tukima's Dance        Hex            ####....     2%          3    ###....
e - Dazzling Spray        Conj/Hex       ###...       12%         3    ###....


Dungeon Overview and Level Annotations

Branches:
Dungeon (4/15)
 Temple: D:4-7

Altars:
Ashenzari
Elyvilon
Ru
Trog
Vehumet

Annotations:
D:3 Duffy's ghost, amateur FoFi


Innate Abilities, Weirdness & Mutations

You are tiny and cannot use many weapons and most armour.
You have supernaturally acute eyesight. (SInv)
You are a herbivore.
You cover ground extremely quickly.
You need consume almost no food.


Message History

Aim: an orc (chance to defeat MR: 83%)
The orc looks drowsy...
The orc priest shouts!
The orc shouts!
The orc priest calls down the wrath of Beogh upon you.
Beogh smites you!
The helpless orc fails to defend itself.
You skewer the orc like a kebab!!!
You kill the orc!
There is a stone staircase leading up here.
The orc priest calls down the wrath of Beogh upon you.
Beogh smites you!
* * * LOW HITPOINT WARNING * * *
You climb upwards.
Level annotation: Duffy's ghost, amateur FoFi
There is a stone staircase leading down here.
Unknown command.
You climb downwards.
The orc priest mumbles some strange prayers to Beogh against you.
Beogh smites you!
You die...

#.#. ###...####.#####..#
#. #..<###.......##.#
#..# #.
###(.............#
#..#### #.
###.........####
#.....#####. #..##...###
#........##.
#..#.....######
#..#####.##.
#####.........#...####..#
#.##.
............o.....^.....#
#....
#####.........#.@.####..#
#.##. #........o...##
#..#####....
#.#.#...######
##.......### #.#.##.##
####.####.. #.#.####
######.####.# #.#.#
#######...^.......# #.#.#
........)###.###### #.#
.............# #
.######..##### #


You could see an orc priest and an orc.

Vanquished Creatures
  Sigmund (D:3)
  3 phantoms (D:4)
  An ogre (D:4)
  Crazy Yiuf (D:3)
  2 hounds (D:4)
  An orc wizard (D:4)
  Ijyb (D:3)
  2 adders
  4 gnolls (D:3)
  3 worms
  2 dart slugs (D:1)
  A giant gecko (D:1)
  8 orcs
  2 ball pythons (D:4)
  7 bats
  4 giant cockroaches
  5 goblins
  8 hobgoblins
  3 jackals (D:1)
  4 kobolds (D:1)
  A quokka (D:3)
  A giant gecko skeleton (D:4)
  4 giant newts
  2 quokka skeletons (D:4)
  8 rats
79 creatures vanquished.

Notes
Turn   | Place    | Note
--------------------------------------------------------------
     0 | D:1      | epen the Spriggan Enchanter began the quest for the Orb.
     0 | D:1      | Reached XP level 1. HP: 9/9 MP: 5/5
    59 | D:1      | Reached XP level 2. HP: 6/13 MP: 4/6
   244 | D:1      | Learned a level 2 spell: Ensorcelled Hibernation
  1117 | D:1      | Reached XP level 3. HP: 7/17 MP: 0/8
  1430 | D:1      | Learned a level 3 spell: Confuse
  2028 | D:2      | Found a bloodstained altar of Trog.
  2251 | D:2      | Found a sacrificial altar of Ru.
  2590 | D:3      | Noticed Crazy Yiuf
  2596 | D:3      | Killed Crazy Yiuf
  2596 | D:3      | Reached XP level 4. HP: 21/21 MP: 9/9
  2645 | D:3      | Noticed Sigmund
  2651 | D:3      | Killed Sigmund
  2651 | D:3      | Reached skill level 1 in Fighting
  2651 | D:3      | Reached skill level 5 in Stealth
  2651 | D:3      | Reached skill level 5 in Hexes
  2651 | D:3      | Reached XP level 5. HP: 25/25 MP: 7/11
  2935 | D:3      | Noticed Ijyb
  2943 | D:3      | Killed Ijyb
  2943 | D:3      | Reached XP level 6. HP: 30/30 MP: 6/12
  3389 | D:3      | Noticed Duffy's ghost (amateur FoFi)
  3648 | D:4      | Learned a level 3 spell: Tukima's Dance
  3652 | D:4      | Learned a level 3 spell: Dazzling Spray
  3905 | D:4      | Reached XP level 7. HP: 23/35 MP: 7/14
  4291 | D:4      | Found a shattered altar of Ashenzari.
  4291 | D:4      | Found a radiant altar of Vehumet.
  4291 | D:4      | Found a white marble altar of Elyvilon.
  4305 | D:4      | Reached skill level 5 in Dodging
  4445 | D:4      | Killed from afar by an orc priest

Vault maps used:
D:1:      dpeg_arrival_arbitrary_b
D:2:      lemuel_crystal_altar, hangedman_ru_absence, first_bread
D:3:      uniq_iyjb, uniq_sigmund, uniq_crazy_yiuf_cottage
D:4:      gammafunk_temple_overflow_forgotten

Skill      XL: |  1  2  3  4  5  6  7 |
---------------+----------------------+-----
Hexes          | 4 5 6 |  6.7
Short Blades   | 2 3 |  3.5
Spellcasting   | 3 4 |  4.5
Fighting       | 1 2 |  2.2
Dodging        | 4 5 |  5.0
Stealth        | 5 6 |  6.4
Ice Magic      | |  0.7

Action                   |  1- 3 |  4- 6 |  7- 9 || total
-------------------------+-------+-------+-------++-------
Melee: Dagger            |   112 |    81 |    45 ||   238
 Cast: Corona            |     5 |     5 |       ||    10
       Ensorcelled Hiber |    22 |    21 |     3 ||    46
       Confuse           |       |     4 |     2 ||     6
       Dazzling Spray    |       |     2 |     1 ||     3
 Stab: Sleeping          |    24 |    20 |     9 ||    53
       Confused          |       |     5 |     1 ||     6
       Distracted        |       |     1 |       ||     1
  Eat: Bread ration      |       |     1 |       ||     1
       Fruit             |       |     1 |       ||     1
Armor: Robe              |    16 |    11 |     3 ||    30
Dodge: Dodged            |   101 |    47 |    23 ||   171
